 Dungeon Crawl Stone Soup version 0.28-a0-909-g796cbd3a86 (webtiles) character file.

Game seed: 4038190157761215096

10 BinkBink the Cutter (level 2, -3/24 HPs)
             Began as a Human Monk on Nov 24, 2021.
             Slain by an adder (4 damage)
             ... on level 3 of the Dungeon.
             The game lasted 00:00:52 (317 turns).

BinkBink the Cutter (Human Monk)                     Turns: 317, Time: 00:00:53

Health: -3/24      AC:  2    Str: 11    XL:     2   Next: 30%
Magic:  2/2        EV: 13    Int: 10    God:
Gold:   6          SH:  0    Dex: 15    Spells: 1/1 levels left

rFire   . . .      SeeInvis .   a - +0 short sword
rCold   . . .      Faith    .   (no shield)
rNeg    . . .      Spirit   .   b - +0 robe
rPois   .          Reflect  .   (no helmet)
rElec   .          Harm     .   (no cloak)
rCorr   .          Rampage  .   (no gloves)
Will    .....                   (no boots)
Stlth   ++........              (no amulet)
HPRegen 0.08/turn               (no ring)
MPRegen 0.08/turn               (no ring)

@: no status effects
A: no striking features
a: no special abilities


You were on level 3 of the Dungeon.
You visited 1 branch of the dungeon, and saw 3 of its levels.

You collected 6 gold pieces.

Inventory:

Hand Weapons
 a - a +0 short sword (weapon)
Armour
 b - a +0 robe (worn)


   Skills:
 + Level 3.2 Fighting
 + Level 3.2 Short Blades
 + Level 3.2 Dodging
 - Level 2.0 Stealth


You had one spell level left.
You didn't know any spells.
Your spell library was empty.

Dungeon Overview and Level Annotations

Branches:
Dungeon (3/15)

Altars:

Annotations:
D:2 Jessica, Terence
D:3 Grinder


Message History

The adder completely misses you. The adder barely misses you.
Found a stone staircase leading down.
Jessica the Apprentice Sorceress comes into view.
She is wielding a +0 dagger.
Jessica mumbles some strange words.
Jessica blinks!
The adder closely misses you.
Jessica moves out of view.
A rat comes into view.
A hobgoblin comes into view.
A rat comes into view.
The hobgoblin shouts!
The adder closely misses you.
Found a scroll labelled OGROTICH XUTZ.
There is a stone staircase leading down here.
The adder bites you.
* * * LOW HITPOINT WARNING * * *
The adder bites you but does no damage.
You climb downwards.
There is a stone staircase leading up here.
Found a throwing net.
The adder closely misses you.
You aren't carrying any potions.
You aren't carrying any scrolls.
You see here a throwing net.
The adder barely misses you.
A rat comes into view.
The adder closely misses you.
A goblin comes into view. It is wielding a +0 club.
Grinder comes into view.
Grinder shouts!
The goblin shouts!
The adder misses you. The rat misses you.
Grinder blinks!
The rat twitches its whiskers.
The adder bites you.
* * * LOW HITPOINT WARNING * * *
The adder bites you.
* * * LOW HITPOINT WARNING * * *
The adder barely misses you.
Found 15 gold pieces.
The adder bites you.
You die...

.##.# ..... #...# ...
... ####### # #.#
#.....# $..####.#
###.....#
.......@#####.......#
...###.S.....(#.....#
##.r..####.....#
#.....<.......#
#.##g#..#####.#
#.##.#..#####.#
#.##.......##.####
#.####............
#.# #.....5......


You could see an adder, a goblin and a rat.

Vanquished Creatures
  2 giant cockroaches (D:1)
  2 goblins (D:1)
  2 ball pythons (D:1)
  2 bats (D:1)
  A frilled lizard (D:1)
  A kobold (D:1)
10 creatures vanquished.

Notes
Turn   | Place    | Note
-------+----------+-------------------------------------------
     0 | D:1      | BinkBink the Human Monk began the quest for the Orb.
     0 | D:1      | Reached XP level 1. HP: 18/18 MP: 1/1
    34 | D:1      | Reached XP level 2. HP: 17/24 MP: 2/2
   256 | D:1      | You fall into a shaft and drop 1 floor!
   261 | D:2      | Noticed Terence
   283 | D:2      | Noticed Jessica
   303 | D:3      | Noticed Grinder
   311 | D:3      | HP: 1/24 [adder (1)]
   317 | D:3      | Slain by an adder

Illustrated notes

Levels and vault maps discovered:
D:1:      dpeg_arrival_shelter, layout_loops_ring
D:2:      layout_basic, shapermc_ecumenical_altar_acropolis,
          hangedman_decor_points, minmay_goblin_outpost, uniq_terence,
          uniq_jessica
D:3:      layout_loops_cross, chequers_serial_rivers_micro_a,
          minmay_misc_feat_tiny, uniq_sigmund, uniq_grinder

Action                   || total
-------------------------++-------
Melee: Short sword       ||    21
 Stab: Sleeping          ||     1
Armor: Robe              ||     3
Dodge: Dodged            ||    26

Table legend: (Time is in decaauts)
 A = Elapsed time spent in this place.
 B = Non-inter-level travel time spent in this place.
 C = Inter-level travel time spent in this place.
 D = Time resting spent in this place.
 E = Time spent auto-exploring this place.
 F = Levels seen in this place.
 G = Mean time per level.
                   A        B        C        D        E       F      G
               +--------+--------+--------+--------+--------+-----+--------+
         Total |    315 |    315 |      0 |      0 |    215 |   3 |  105.0 |
       Dungeon |    315 |    315 |      0 |      0 |    215 |   3 |  105.0 |
               +--------+--------+--------+--------+--------+-----+--------+

Top non-repeatable levels by time:
     D:1: 254 daAuts
     D:2: 33 daAuts
     D:3: 26 daAuts
